Map: World of Sleepers LE

Players

Mez

  • Race: Terran Terran
  • League: Master
  • Spawn Location: 7:00

Aehnn - Winner!

  • Race: Zerg Zerg
  • League: Master
  • Spawn Location: 1:00

VOD

Have the link to the VOD?

Description

Time

  • Played on: Aug. 30, 2019, 9:02 a.m.
  • Length: 18:49
Show
View Real Time Build Order
Export as new Build Order

Mez Terran 

Build Orders: Liberator Opening, Reaper Expand 

Get SALT Encoding   

  12  0:00  SCV  
  13  0:13  SCV  
  14  0:17  Supply Depot  
  14  0:25  SCV  
  15  0:38  SCV  
  15  0:39  Barracks  
  16  0:44  Refinery  
  16  0:50  SCV  
  17  1:02  SCV  
  18  1:14  SCV  
  19  1:28  Orbital Command, Reaper  
  20  1:40  Command Center  
  20  1:48  Supply Depot  
  20  1:54  SCV  
  20  2:00  Marine  
  22  2:06  SCV  
  23  2:12  Factory  
  23  2:16  Refinery  
  23  2:18  SCV  
  23  2:21  Barracks Reactor  
  24  2:36  SCV  
  25  2:49  SCV  
  26  2:53  Orbital Command  
  26  2:57  Starport  
  26  3:02  SCV  
  26  3:04  Hellion x2  
  31  3:10  Supply Depot  
  31  3:13  Barracks Tech Lab  
  31  3:15  SCV  
  32  3:24  SCV  
  32  3:26  Hellion x2  
  37  3:27  Liberator, SCV  
  38  3:39  SCV x2  
  43  3:51  SCV  
  43  3:52  Hellion  
  43  3:53  Hellion  
  43  3:54  Supply Depot  
  48  3:57  Marauder  
  50  4:03  SCV x2  
  46  4:20  Marauder  
  46  4:21  Hellion  
  46  4:22  Hellion  
  47  4:28  SCV x2  
  47  4:40  Liberator, SCV x2  
  47  4:41  Marine  
  51  4:52  SCV  
  51  4:53  SCV  
  51  4:56  Stimpack  
  55  5:04  SCV  
  55  5:05  SCV  
  52  5:17  SCV  
  45  5:26  Command Center, SCV  
  46  5:28  Supply Depot  
  46  5:29  SCV  
  46  5:33  Barracks, Factory Reactor  
  46  5:35  Marine  
  48  5:37  Barracks  
  48  5:38  SCV  
  48  5:41  SCV  
  50  5:45  Starport Reactor  
  47  5:51  SCV  
  47  5:53  Marine, SCV, Engineering Bay  
  47  5:54  Engineering Bay  
  50  6:03  SCV  
  51  6:05  SCV  
  51  6:08  Refinery  
  51  6:09  Refinery  
  51  6:10  Marine  
  53  6:14  Barracks  
  53  6:15  Barracks, SCV  
  53  6:17  SCV  
  55  6:18  Factory Tech Lab  
  55  6:23  Medivac x2  
  55  6:24  Marine x2  
  61  6:27  SCV  
  61  6:29  Marine x3, SCV  
  66  6:40  SCV  
  66  6:41  Marine, Orbital Command  
  66  6:44  Supply Depot  
  68  6:47  Marine  
  68  6:48  Marine x3  
  68  6:52  Siege Tank  
  75  6:59  Marine  
  75  7:00  SCV x2  
  78  7:02  Medivac  
  78  7:05  Marine x2  
  78  7:06  Marine  
  80  7:21  Orbital Command  
  80  7:22  Armory  
  80  7:23  Supply Depot  
  80  7:31  Marine  
  80  7:32  Marine x4  
  80  7:33  Supply Depot, Barracks Reactor x2  
  78  7:42  SCV x2  
  80  7:48  Siege Tank, Medivac x2  
  80  7:49  Marine, SCV  
  89  7:54  SCV, Terran Infantry Weapons Level 1  
  89  7:55  Terran Infantry Armor Level 1  
  90  8:01  Marine  
  90  8:02  Marine x3  
  90  8:03  SCV  
  90  8:04  SCV  
  96  8:06  SCV  
  96  8:09  Supply Depot  
  96  8:11  Marine x5  
  102  8:18  SCV x2  
  102  8:19  Marine, SCV  
  105  8:21  Marine x3, Supply Depot  
  109  8:30  Marine x3, Siege Tank  
  103  8:38  Marine x3  
  103  8:39  Marine, Medivac  
  103  8:40  Medivac  
  110  8:50  Terran Vehicle Weapons Level 1  
  110  8:55  Marine x5  
  108  8:56  Marine x2  
  108  8:58  Marine x2  
  112  9:03  Siege Tank, Factory  
  112  9:04  Command Center  
  112  9:06  SCV x2  
  117  9:15  Supply Depot  
  117  9:18  Marine x3  
  117  9:19  Marine x5  
  125  9:28  Supply Depot  
  125  9:30  Supply Depot x2  
  125  9:36  Marine x3, SCV x2, Medivac  
  132  9:41  Marine  
  133  9:48  Supply Depot  
  133  9:49  Marine x5  
  133  9:51  Siege Tank  
  133  9:52  Factory Tech Lab  
  141  9:54  Marine  
  142  10:05  Missile Turret  
  142  10:06  Missile Turret  
  137  10:09  Missile Turret  
  137  10:10  Marine x2, Missile Turret  
  137  10:11  Marine x4  
  128  10:24  SCV x3  
  128  10:27  Supply Depot  
  131  10:33  Marine  
  131  10:34  Marine x8  
  140  10:36  SCV  
  140  10:38  Missile Turret  
  140  10:39  Thor x2  
  153  10:49  Planetary Fortress  
  153  10:52  SCV x3  
  156  11:01  Marine  
  156  11:02  Marine x7  
  164  11:04  SCV x2  
  164  11:10  SCV  
  164  11:11  Sensor Tower  
  167  11:12  Missile Turret  
  167  11:13  Missile Turret  
  167  11:15  Missile Turret  
  167  11:16  SCV  
  167  11:17  SCV, Terran Infantry Weapons Level 2  
  167  11:18  Terran Infantry Armor Level 2  
  169  11:21  Refinery  
  169  11:22  SCV  
  169  11:23  Refinery  
  170  11:28  SCV x2  
  170  11:29  SCV  
  173  11:34  SCV  
  173  11:35  Unknown  
  173  11:36  Factory  
  174  11:40  Marine, SCV x2  
  174  11:41  Marine x3  
  174  11:43  Marine  
  174  11:44  Marine  
  174  11:45  Marine  
  174  11:46  Marine x2  
  178  11:58  Marine  
  178  11:59  Marine  
  175  12:03  Thor  
  178  12:12  Thor  
  180  12:17  Marine  
  180  12:18  Marine x2  
  180  12:34  Missile Turret  
  180  12:35  Missile Turret x2  
  180  12:41  Supply Depot  
  180  12:42  Supply Depot  
  180  12:46  SCV  
  180  12:48  Marine, SCV  
  180  13:00  Factory Reactor  
  180  13:01  Drilling Claws  
  180  13:02  Marine x3, SCV  
  180  13:03  SCV, Widow Mine x2  
  178  13:15  SCV  
  113  13:24  Marine x3, SCV  
  113  13:25  SCV x2  
  120  13:27  SCV, Widow Mine x2  
  124  13:36  Command Center  
  124  13:37  SCV x2  
  124  13:39  Command Center  
  126  13:46  Marine x5  
  126  13:47  Marine x4  
  135  13:49  Widow Mine  
  137  14:04  Marine x4  
  96  14:21  Marine, Widow Mine x4  
  96  14:22  Marine x8  
  105  14:39  Marine x2  
  105  14:42  Widow Mine  
  105  14:47  Marine x6  
  111  14:54  Barracks  
  111  14:57  Barracks  
  111  14:58  Marine  
  111  14:59  Barracks  
  112  15:03  Thor  
  112  15:05  Siege Tank, Widow Mine  
  112  15:06  Widow Mine  
  125  15:08  SCV x4  
  125  15:11  Orbital Command  
  129  15:14  Sensor Tower  
  129  15:20  SCV x2  
  131  15:32  Refinery  
  131  15:43  Marine x2, Marauder  
  131  15:44  Marine x6  
  131  15:46  Sensor Tower  
  141  15:54  Refinery  
  141  16:01  Marine, Widow Mine x2  
  141  16:02  Widow Mine x2, Planetary Fortress  
  150  16:05  Marauder  
  152  16:13  Missile Turret  
  152  16:20  Medivac  
  152  16:21  Marine, Medivac  
  152  16:22  Marine x5, Barracks Tech Lab x3  
  162  16:26  Marauder  
  162  16:27  Starport  
  162  16:28  Starport  
  162  16:32  Fusion Core  
  164  16:38  SCV x2  
  166  16:48  Marauder  
  166  16:50  Marauder x3  
  166  16:51  Concussive Shells  
  174  16:56  Viking x2  
  174  16:57  Thor  
  183  17:09  Marauder  
  165  17:26  Viking  
  145  17:31  Marine  
  145  17:32  Marine x10, Marauder  
  145  17:33  Viking x3  
  123  17:49  Marine x8  
  123  17:50  Marine x2  
  119  17:54  Marine x2  
  112  18:07  Marine x5  
  112  18:10  Marine  
  112  18:11  Marine x4  
  112  18:12  Marine x2  
  102  18:25  Marine x4  
Show
View Real Time Build Order
Export as new Build Order

Aehnn Zerg - Winner!

Build Orders: Hatch First, Muta Ling Bane 

Get SALT Encoding   

  12  0:01  Drone  
  13  0:13  Overlord  
  13  0:17  Drone  
  14  0:31  Drone x2  
  16  0:49  Hatchery  
  15  0:52  Drone  
  16  0:57  Drone  
  16  0:59  Drone  
  18  1:07  Extractor  
  17  1:15  Spawning Pool  
  17  1:18  Drone  
  17  1:22  Drone  
  18  1:28  Drone  
  19  1:40  Drone  
  20  1:51  Drone  
  21  2:02  Queen x2  
  21  2:03  Zergling x4  
  21  2:07  Roach Warren  
  26  2:11  Drone  
  27  2:16  Overlord  
  27  2:32  Overlord  
  25  2:50  Roach x2  
  29  2:51  Roach x3  
  29  2:57  Overlord  
  35  3:03  Queen  
  37  3:12  Metabolic Boost  
  37  3:22  Drone x2  
  37  3:23  Drone x4  
  43  3:30  Drone x2  
  45  3:36  Spine Crawler  
  45  3:56  Drone x5  
  45  3:58  Hatchery  
  49  4:06  Ravager  
  49  4:07  Drone  
  51  4:22  Overlord x3  
  42  4:38  Zergling x12  
  46  4:47  Extractor  
  46  4:48  Extractor  
  46  4:49  Baneling Nest, Queen x2  
  46  4:50  Overlord  
  46  4:52  Zergling x2  
  48  5:01  Roach  
  48  5:04  Drone x5  
  55  5:18  Drone x2  
  55  5:19  Drone x2  
  53  5:26  Evolution Chamber  
  53  5:27  Evolution Chamber  
  51  5:36  Drone x6  
  57  5:51  Queen  
  57  5:52  Drone x2  
  57  5:53  Drone x5  
  67  6:04  Drone x5  
  67  6:05  Drone  
  67  6:08  Lair  
  72  6:12  Spore Crawler  
  72  6:15  Zerg Ground Armor Level 1  
  72  6:17  Zerg Melee Weapons Level 1  
  71  6:23  Drone x5  
  76  6:29  Pneumatized Carapace  
  76  6:30  Drone  
  77  6:33  Zergling x4  
  77  6:34  Zergling x6  
  82  6:42  Overlord x2  
  82  6:51  Drone x6  
  87  6:56  Extractor x2  
  85  7:08  Extractor  
  84  7:11  Centrifical Hooks  
  84  7:14  Spire, Drone x4  
  87  7:16  Overlord x3, Drone x2  
  83  7:45  Infestation Pit  
  83  7:46  Zergling x16  
  83  7:47  Zergling x10  
  95  7:59  Zergling x8  
  95  8:00  Zergling x6  
  102  8:08  Hatchery  
  102  8:10  Zergling x4  
  102  8:11  Baneling  
  102  8:12  Baneling x12  
  103  8:18  Zergling x2  
  103  8:19  Zergling x14  
  109  8:27  Mutalisk x3, Baneling x3  
  109  8:28  Mutalisk x2  
  116  8:35  Mutalisk x2  
  120  8:51  Mutalisk  
  120  8:53  Zergling x2  
  120  8:55  Overlord x2  
  120  8:56  Overlord x2  
  120  8:59  Hatchery  
  119  9:23  Mutalisk, Zerg Melee Weapons Level 2, Zerg Ground Armor Level 2  
  119  9:24  Mutalisk x3  
  121  9:25  Zergling x2  
  121  9:26  Zergling x20  
  138  9:32  Hatchery  
  138  9:36  Drone x3  
  140  9:41  Zerg Flyer Weapons Level 1  
  140  9:43  Hive  
  138  10:04  Mutalisk x3  
  138  10:05  Mutalisk, Zergling x2  
  138  10:06  Zergling x12  
  139  10:28  Queen  
  139  10:29  Mutalisk x4  
  139  10:30  Zergling x12  
  139  10:31  Zergling x4  
  157  10:40  Hatchery  
  156  10:47  Burrow  
  156  10:53  Drone x10  
  165  11:10  Unknown  
  164  11:29  Drone  
  163  11:50  Zergling x4  
  163  11:51  Zergling x4  
  163  11:52  Overlord x8  
  155  12:18  Zergling x2  
  155  12:19  Zergling x48  
  155  12:20  Zergling x4  
  155  12:22  Baneling  
  180  12:23  Baneling x2  
  180  12:24  Baneling x30  
  180  12:25  Baneling x29  
  180  12:26  Baneling x4  
  180  12:30  Greater Spire  
  95  13:21  Mutalisk x3  
  95  13:22  Zergling x14  
  95  13:23  Zergling x40  
  120  13:33  Zergling x2  
  121  13:39  Zergling x2  
  121  13:40  Zergling x8  
  126  13:43  Baneling x12  
  126  13:44  Baneling  
  126  13:45  Baneling x24  
  126  13:46  Zergling x8  
  126  13:47  Zergling x4  
  132  13:52  Ultralisk Cavern  
  132  13:55  Zergling x4  
  133  13:58  Baneling x9  
  116  14:17  Zergling x32  
  116  14:18  Zergling x10  
  129  14:26  Corruptor  
  129  14:27  Corruptor x4  
  129  14:46  Corruptor x6  
  141  14:53  Drone x5  
  141  14:54  Drone  
  147  15:24  Brood Lord x6  
  147  15:27  Baneling x2  
  147  15:28  Baneling x4  
  159  15:29  Zergling x14  
  159  15:30  Queen  
  159  15:33  Anabolic Synthesis  
  168  15:38  Extractor  
  168  15:39  Extractor  
  166  15:52  Hatchery  
  165  16:01  Corruptor x2  
  165  16:02  Corruptor x4  
  175  16:40  Zerg Flyer Armor Level 1  
  175  16:43  Zergling x18  
  175  16:44  Zergling x18  
  193  16:53  Pathogen Glands  
  156  17:35  Zergling x8  
  156  17:36  Zergling x8  
  147  17:41  Zergling x28  
  147  17:42  Zergling x30  
  173  17:49  Corruptor x3  
  165  18:01  Zergling x10  
  165  18:02  Zergling x2  
  170  18:12  Zergling x12  
Tags
 
Add a new tag
Caveats
  • Supply blocks, unpowered buildings, or Contaminate may cause inaccurate times.
  • Supply counts are checked every 10 seconds.